 Dungeon Crawl Stone Soup version 0.22-a0-479-gc6e99f3 (webtiles) character file.

8316 Darkshadow the Severer (level 11, -21/107 HPs)
             Began as a Hill Orc Monk on June 13, 2018.
             Was a High Priest of Beogh.
             Killed from afar by a smoke demon (27 damage)
             ... with a ball of steam
             ... on level 1 of the Abyss on June 14, 2018.
             The game lasted 00:50:47 (10659 turns).

Darkshadow the Severer (Hill Orc Monk)             Turns: 10659, Time: 00:50:48

Health: -21/107    AC: 11    Str: 18      XL:     11   Next: 29%
Magic:  11/11      EV:  6    Int:  9 (10) God:    Beogh [*****.]
Gold:   509        SH: 11    Dex: 16      Spells: 10/10 levels left

rFire    . . .     SeeInvis +   a - +8 hand axe of Vieshrar {protect, rElec rPois Dex+3}
rCold    + . .     Gourm    .   K - +0 large shield
rNeg     . . .     Faith    +   p - +3 scale mail {rC+}
rPois    +         Spirit   .   (no helmet)
rElec    +         Reflect  .   (no cloak)
rCorr    .         Harm     .   O - +1 pair of gloves
MR       .....                  (no boots)
Stlth    ++........             r - amulet of faith
HPRegen  0.27/turn              l - ring of see invisible
MPRegen  0.12/turn              T - ring of stealth

@: starving
A: walk on water, subdued magic 1
a: Smiting, Recall Orcish Followers, Give Item to Named Follower, Renounce
Religion


You were on level 1 of the Abyss.
You worshipped Beogh.
Beogh was extremely pleased with you.
You were starving.

You visited 2 branches of the dungeon, and saw 11 of its levels.
You visited the Abyss 1 time.

You collected 509 gold pieces.

Inventory:

Hand Weapons
 a - the +8 hand axe of Vieshrar (weapon) {protect, rElec rPois Dex+3}
   (You found it on level 4 of the Dungeon)

   It protects the one who uses it against injury (+AC on strike).
   It affects your dexterity (+3).
   It insulates you from electricity.
   It protects you from poison.
 y - a +1 hand axe
 G - a +0 halberd of venom
 H - a +0 hunting sling
 I - the cursed +2 arbalest "Foampyog" {penet, Int+2 SInv, unknown}
   (You took it off a crimson imp on level 7 of the Dungeon)

   Ammo fired by it will pass through the targets it hits, potentially hitting
   all targets in its path until it reaches maximum range.
   It affects your intelligence (+2).
   It lets you see invisible.
   It has a curse placed upon it.
 M - a +1 spear
Missiles
 d - 3 throwing nets
 g - 234 stones (quivered)
Armour
 b - a +0 robe
 h - a +0 pair of gloves
 j - a +0 ring mail
 n - a -2 scale mail
 p - a +3 scale mail of cold resistance (worn)
 K - a +0 large shield (worn)
 O - a +1 pair of gloves (worn)
Jewellery
 k - an uncursed ring of ice
 l - a ring of see invisible (left hand)
 r - an amulet of faith (around neck)
 E - an uncursed ring of magical power
 J - an uncursed amulet of harm {unknown}
 T - a ring of stealth (right hand)
Wands
 v - a wand of digging (17)
 P - a wand of disintegration (5)
 Q - a wand of flame (13)
 U - a wand of paralysis (6)
Scrolls
 e - 3 scrolls of identify {@r1}
 f - 2 scrolls of teleportation
 o - a scroll of enchant armour
 u - a scroll of magic mapping
 w - a scroll of fear
 x - a scroll of remove curse {@r2}
 B - a scroll of amnesia {unknown}
 C - 2 scrolls of fog
 R - a scroll of enchant weapon
 S - a scroll of blinking {unknown}
Potions
 i - 3 potions of resistance
 m - a potion of magic
 q - 2 potions of haste
 s - 3 potions of curing {@q1}
 t - a potion of flight
 z - 2 potions of ambrosia
 A - a potion of mutation
 D - 4 potions of berserk rage
 F - a potion of cancellation
 L - 2 potions of brilliance
 N - a potion of might
Comestibles
 c - 13 rations


   Skills:
 + Level 13.2 Fighting
 - Level 16.1 Axes
 - Level 2.8 Armour
 - Level 2.4 Dodging
 - Level 1.6 Stealth


You had 10 spell levels left.
You didn't know any spells.
Your spell library contained the following spells:

 Spells                   Type           Power        Failure   Level  Hunger
 Deflect Missiles         Chrm/Air       #.........   100%        6    #######
 Silence                  Hex/Air        #.........   100%        5    ######.
 Conjure Ball Lightning   Conj/Air       #.........   100%        6    #######
 Tornado                  Air            #.........   100%        9    #######
 Summon Lightning Spire   Summ/Air       #.......     100%        4    #####..


Dungeon Overview and Level Annotations

Branches:
Dungeon (10/15)            Temple (0/1) D:5            Lair (1/6) D:9
    Orc: D:9-12

Altars:
Ashenzari
Nemelex Xobeh
Trog
Uskayaw

Annotations:
D:3 Azzur's ghost, amateur DEVM
D:10 Sonja


Innate Abilities, Weirdness & Mutations

You can walk on water.
Your spells are a little easier to cast, but a little less powerful.


Message History

The quasit bites you but does no damage.
You block the quasit's attack. x2
A small abomination comes into view.
The quasit bites you but does no damage.
The quasit closely misses you. The quasit barely misses you.
You block the quasit's attack. x2
The quasit claws you but does no damage.
The quasit barely misses you.
The quasit claws you but does no damage.
You block the quasit's attack. The smoke demon gestures at you.
The ball of steam hits you!
* * * LOW HITPOINT WARNING * * *
A small abomination comes into view.
The small abomination hits you but does no damage.
The quasit completely misses you. The quasit barely misses you.
You block the quasit's attack. The smoke demon gestures at you.
The ball of steam hits you!
You die...

#.### #
#..####..##..#. # #
# #....#...#..#.#.
.#.
#........#...5.#X
...#...........#.##.
#.#.......3§## 5##3
#.......§..§5..X. .
#....§§..§###..##
#..@§5.§..#. #..##
#.....##x..#.##.##.
. .....##..#.#.# #
##X.. ....
#.#..#.X###.#. . .#.
.. #..#....#.. .# ..
.. #.##.#.#W.#.#.#.
. . ... #####.#. .#
. ##.. ####.... #
... ##


You could see a tentacled starspawn, a freezing wraith, a small abomination and
a quasit.

Vanquished Creatures
  A two-headed ogre (D:10)
  An unseen horror (D:9)
  A freezing wraith (D:9)
  The ghost of enarc13 the Bolt Thrower, an amateur BaAM of the Shining One (D:5)
  The ghost of PonySlaystation the Slasher, an amateur DsGl (D:4)
  A hornet (D:7)
  A wyvern (D:10)
  A yak (D:10)
  Eustachio (D:5)
  A vampire mosquito (D:9)
  A porcupine (D:9)
  An orc warrior (D:9)
  3 ice beasts
  A sky beast (D:6)
  A black bear (D:9)
  A hornet zombie (D:9)
  2 necrophages
  A phantom (D:4)
  4 ogres
  A wolf (D:9)
  2 centaurs
  A big kobold (D:7)
  A bullfrog (D:6)
  3 scorpions
  4 killer bees (D:7)
  A bullfrog zombie (D:5)
  4 crimson imps
  5 hounds
  2 jellies
  2 bullfrog skeletons
  2 orc priests
  6 orc wizards
  A centaur skeleton (D:7)
  Terence (D:2)
  2 iguanas
  A worker ant (D:5)
  A howler monkey zombie (D:10)
  4 gnolls (D:6)
  4 adders
  A worker ant simulacrum (D:9)
  An adder zombie (D:5)
  4 adder skeletons
  A worm (D:4)
  A dart slug (D:1)
  5 leopard geckos
  17 orcs
  2 giant cockroaches
  2 goblins (D:1)
  4 hobgoblins (D:1)
  7 jackals
  4 quokkas
  3 ball pythons
  3 bats
  5 frilled lizards
  12 kobolds
  2 rats
147 creatures vanquished.

Vanquished Creatures (collateral kills)
  A two-headed ogre (D:8)
  An orc high priest (D:9)
  A necromancer (D:9)
  An ugly thing (D:10)
  A troll (D:9)
  Prince Ribbit (D:6)
  3 yaks
  Grum (D:9)
  2 hungry ghosts
  A black bear (D:8)
  An orc warrior (D:7)
  2 sky beasts
  3 wolves (D:9)
  2 eyes of draining (D:7)
  An ogre (D:7)
  A crocodile (D:9)
  2 big kobolds (D:9)
  2 bullfrogs
  3 scorpions
  2 howler monkeys
  A crimson imp (D:9)
  A centaur skeleton (D:10)
  An iguana (D:9)
  2 orc wizards
  2 worker ants
  A worker ant zombie (D:9)
  An adder (D:9)
  A shadow imp (D:9)
  An adder skeleton (D:10)
  A leopard gecko (D:9)
  An orc (D:7)
  A jackal (D:7)
  A kobold (D:9)
  A leopard gecko skeleton (D:7)
  5 fungi (D:9)
  9 plants (D:9)
62 creatures vanquished.

Vanquished Creatures (others)
  An orc priest (D:9)
  3 orcs
  A plant (Abyss:1)
  6 starspawn tentacles (Abyss:1)
11 creatures vanquished.

Grand Total: 220 creatures vanquished

Notes
Turn   | Place    | Note
-------+----------+-------------------------------------------
     0 | D:1      | Darkshadow the Hill Orc Monk began the quest for the Orb.
     0 | D:1      | Reached XP level 1. HP: 19/19 MP: 1/1
   518 | D:1      | Reached XP level 2. HP: 13/27 MP: 2/2
  2219 | D:2      | Noticed Terence
  2230 | D:1      | Reached XP level 3. HP: 15/33 MP: 3/3
  2752 | D:2      | Killed Terence
  2752 | D:2      | Reached skill level 5 in Axes
  2752 | D:2      | Reached skill level 1 in Armour
  3370 | D:3      | Reached XP level 4. HP: 41/41 MP: 4/4
  3376 | D:3      | Noticed Azzur's ghost (amateur DEVM)
  3832 | D:3      | Paralysed by fainting for 5 turns
  3865 | D:3      | Paralysed by fainting for 10 turns
  3881 | D:3      | Paralysed by fainting for 7 turns
  3938 | D:3      | Paralysed by fainting for 8 turns
  4183 | D:4      | Noticed PonySlaystation's ghost (amateur DsGl)
  4348 | D:4      | Noticed an ogre
  4362 | D:4      | Killed an ogre
  4362 | D:4      | Reached skill level 6 in Axes
  4362 | D:4      | Reached XP level 5. HP: 31/47 MP: 5/5
  4530 | D:4      | Got a twisted hand axe
  4531 | D:4      | Identified the +8 hand axe of Vieshrar {protect, rElec rPois Dex+3} (You found it on level 4 of the Dungeon)
  4557 | D:4      | Noticed a phantom
  4560 | D:4      | Became a worshipper of Beogh the Brigand
  4560 | D:4      | Reached * piety under Beogh
  4560 | D:4      | Reached ** piety under Beogh
  4567 | D:4      | Killed a phantom
  4567 | D:4      | Reached skill level 5 in Fighting
  4567 | D:4      | Reached XP level 6. HP: 48/56 MP: 6/6
  4622 | D:4      | Reached skill level 7 in Axes
  4829 | D:4      | Killed PonySlaystation's ghost
  4829 | D:4      | Reached skill level 8 in Axes
  4829 | D:4      | Reached XP level 7. HP: 36/62 MP: 0/7
  4966 | D:4      | Found a sparkling altar of Nemelex Xobeh.
  5125 | D:4      | Found a hide-covered altar of Uskayaw.
  5127 | D:4      | Found a shattered altar of Ashenzari.
  5188 | D:5      | Entered Level 5 of the Dungeon
  5225 | D:5      | Noticed enarc13's ghost (amateur BaAM)
  5242 | D:5      | Killed enarc13's ghost
  5242 | D:5      | Reached skill level 9 in Axes
  5425 | D:5      | Found a staircase to the Ecumenical Temple.
  5434 | D:5      | Reached XP level 8. HP: 66/71 MP: 8/8
  5753 | D:5      | Noticed Eustachio
  5759 | D:5      | Reached skill level 10 in Axes
  5777 | D:5      | Killed Eustachio
  6179 | D:6      | Reached skill level 11 in Axes
  6214 | D:6      | Reached *** piety under Beogh
  6522 | D:6      | Reached XP level 9. HP: 76/81 MP: 9/9
  6639 | D:6      | Reached skill level 12 in Axes
  6984 | D:6      | Noticed Prince Ribbit
  7003 | D:6      | Killed Prince Ribbit
  7749 | D:7      | Reached skill level 13 in Axes
  7764 | D:7      | Reached **** piety under Beogh
  7780 | D:7      | Noticed a hornet
  7790 | D:7      | Paralysed by a hornet for 1 turns
  7800 | D:7      | Killed a hornet
  8238 | D:7      | Got an ancient arbalest
  8393 | D:7      | Found a bloodstained altar of Trog.
  8750 | D:8      | Noticed a two-headed ogre
  8761 | D:8      | Killed a two-headed ogre
  8761 | D:8      | Reached skill level 10 in Fighting
  8761 | D:8      | Reached skill level 14 in Axes
  8761 | D:8      | Reached XP level 10. HP: 91/93 MP: 10/10
  9115 | D:9      | Noticed Grum
  9127 | D:9      | Reached skill level 15 in Axes
  9130 | D:9      | Killed Grum
  9557 | D:9      | Found a staircase to the Lair.
  9563 | Lair:1   | Entered Level 1 of the Lair of Beasts
  9563 | Lair:1   | Noticed a seven-headed hydra
  9620 | D:9      | Reached ***** piety under Beogh
  9836 | D:9      | Noticed an unseen horror
  9849 | D:9      | Killed an unseen horror
  9918 | D:9      | Gained Learuk as an ally
  9928 | D:9      | Noticed a necromancer
  9935 | D:9      | Killed a necromancer
  9935 | D:9      | Reached skill level 16 in Axes
  9942 | D:9      | Noticed an orc high priest
  9952 | D:9      | Killed an orc high priest
  9952 | D:9      | Reached XP level 11. HP: 74/104 MP: 11/11
  9989 | D:10     | Entered Level 10 of the Dungeon
 10074 | D:10     | Noticed a cyan ugly thing
 10081 | D:10     | Killed a cyan ugly thing
 10102 | D:10     | Noticed a two-headed ogre
 10109 | D:10     | Killed a two-headed ogre
 10521 | D:10     | Noticed Sonja
 10551 | D:10     | Cast into level 1 of the Abyss (Sonja)
 10552 | Abyss:1  | Upgraded the game from 0.22-a0-469-gf26638a to 0.22-a0-479-gc6e99f3
 10604 | Abyss:1  | Noticed a large abomination
 10610 | Abyss:1  | Noticed a tentacled starspawn
 10640 | Abyss:1  | Gained mutation: Your spells are a little easier to cast, but a little less powerful. [a neqoxec]
 10656 | Abyss:1  | HP: 5/107 [something/ball of steam (12)]
 10659 | Abyss:1  | Killed from afar by a smoke demon

Vault maps used:
D:1:      shiori_arrival_maze
D:2:      first_ration, minmay_statues_item, uniq_terence
D:4:      nicolae_overflow_hidden_temple, lemuel_doored_altar
D:5:      cheibrodos_iron_armory, minmay_temple_entry_statues,
          serial_bayou_lagoon_b, uniq_eustachio
D:6:      uniq_prince_ribbit1
D:7:      trog_eyes_of_draining
D:9:      minmay_sliced_demisemicircle, grunt_lair_entry_orc_guard_hut,
          blue_anna_alchemist, uniq_grum
D:10:     corexii_leaking_fountain, kb_lookout_dungeons_type, uniq_sonja
Lair:1:   uniq_joseph

Skill      XL: |  1  2  3  4  5  6  7  8  9 10 11 |
---------------+----------------------------------+-----
Fighting       | 4 5 6 8 10 12 13 | 13.2
Axes           | 5 6 8 9 11 14 16 | 16.1
Armour         | 1 2 |  2.8
Dodging        | |  2.4
Stealth        | |  1.6

Action                   |  1- 3 |  4- 6 |  7- 9 | 10-12 || total
-------------------------+-------+-------+-------+-------++-------
Melee: Hand axe          |   114 |    66 |   272 |   155 ||   607
Throw: Stone             |     3 |     2 |       |     3 ||     8
Invok: Convert to Beogh  |       |     1 |       |       ||     1
       Smiting           |       |     2 |       |       ||     2
       Recall Orcish Fol |       |       |     3 |     1 ||     4
       Stop Recall       |       |       |     2 |     1 ||     3
  Use: Scroll            |     6 |     2 |     5 |     8 ||    21
       Potion            |       |       |     1 |       ||     1
 Stab: Sleeping          |     6 |       |       |       ||     6
       Distracted        |       |       |     1 |     1 ||     2
       Confused          |       |       |     1 |       ||     1
  Eat: Chunk             |     3 |     1 |     3 |     5 ||    12
       Ration            |     1 |     1 |     3 |     1 ||     6
Armor: Robe              |     7 |       |       |       ||     7
       Scale mail        |     6 |    33 |   127 |    63 ||   229
       Ring mail         |     5 |       |       |       ||     5
Dodge: Dodged            |    58 |    24 |   102 |    34 ||   218
Block: Large shield      |       |       |     4 |    91 ||    95

Table legend:
 A = Spawn XP
 B = Non-spawn XP
 C = Spawn XP percentage of total XP
 D = Spawn monster count
 E = Non-spawn monster count
 F = Spawn count percentage of total count
 G = Total turns spent on level
                    A         B        C        D         E        F      G
               +---------+---------+-------+---------+---------+-------+---------
         Total |       0 |   11881 |   0.0 |       0 |     195 |   0.0 | 10659
               +---------+---------+-------+---------+---------+-------+---------
           D:1 |       0 |      34 |   0.0 |       0 |      18 |   0.0 |  2468
           D:2 |       0 |      46 |   0.0 |       0 |       6 |   0.0 |   885
           D:3 |       0 |      26 |   0.0 |       0 |       8 |   0.0 |   849
           D:4 |       0 |     602 |   0.0 |       0 |      17 |   0.0 |   986
           D:5 |       0 |     887 |   0.0 |       0 |      21 |   0.0 |   909
           D:6 |       0 |    1453 |   0.0 |       0 |      32 |   0.0 |  1104
           D:7 |       0 |    1181 |   0.0 |       0 |      22 |   0.0 |  1286
           D:8 |       0 |    1176 |   0.0 |       0 |       9 |   0.0 |   599
           D:9 |       0 |    4194 |   0.0 |       0 |      43 |   0.0 |   901
          D:10 |       0 |    2282 |   0.0 |       0 |      19 |   0.0 |   562
               +---------+---------+-------+---------+---------+-------+---------
